Map: 절정 - 래더

Players

uthermy (uThermal) - Winner!

  • Race: Terran Terran

hydra

  • Race: Zerg Zerg
  • League: Platinum

Event: DreamHack ZOWIE Open Valencia 2016

VOD

Have the link to the VOD?

Description

Time

  • Played on: July 14, 2016, 2:08 p.m.
  • Length: 5:03

All games in this series

Show
View Real Time Build Order
Export as new Build Order

uthermy Terran - Winner!

Build Orders:  

Get SALT Encoding   

  12  0:10  Supply Depot  
  12  0:13  SCV  
  13  0:39  Barracks  
  13  0:41  Refinery  
  13  0:55  Barracks  
  13  1:03  SCV  
  14  1:31  Barracks  
  14  1:34  Reaper  
  14  1:38  Refinery  
  15  1:42  Reaper  
  16  2:06  Reaper  
  17  2:09  Bunker  
  17  2:14  Reaper  
  18  2:22  Reaper  
  19  2:38  Reaper  
  20  2:46  Reaper  
  19  2:54  Reaper  
  20  3:10  Reaper  
  20  3:18  Reaper  
  21  3:26  Reaper  
  22  3:28  Supply Depot  
  22  3:42  Reaper  
  23  3:50  Reaper  
  24  3:58  Reaper  
  25  4:08  SCV  
  26  4:14  Reaper  
  27  4:23  Reaper  
  26  4:30  Reaper  
Show
View Real Time Build Order
Export as new Build Order

hydra Zerg 

Build Orders: Hatch First 

Get SALT Encoding   

  12  0:00  Drone  
  13  0:12  Overlord  
  13  0:17  Drone  
  14  0:30  Drone x2  
  14  0:34  Drone  
  17  0:51  Hatchery  
  17  0:54  Drone  
  17  0:58  Drone  
  18  1:06  Extractor  
  17  1:14  Spawning Pool  
  17  1:16  Drone  
  17  1:19  Drone  
  18  1:28  Drone  
  19  1:38  Overlord  
  19  2:00  Queen  
  19  2:01  Zergling x4  
  23  2:02  Queen  
  23  2:06  Metabolic Boost  
  25  2:10  Zergling x2  
  26  2:17  Roach Warren  
  24  2:23  Drone  
  24  2:26  Zergling x2  
  24  2:29  Zergling x2  
  25  2:39  Zergling x2  
  25  2:47  Zergling x4  
  26  2:59  Roach x2  
  28  3:08  Roach x2  
  29  3:17  Roach  
  25  3:31  Roach  
  26  3:37  Zergling x4  
  28  3:46  Zergling x4  
  30  3:53  Zergling x4  
  32  4:00  Zergling x2  
  32  4:02  Zergling x2  
  34  4:07  Zergling x2  
  33  4:14  Zergling x4  
  31  4:29  Zergling x6  
  31  4:36  Zergling x4  

Tags
 
Add a new tag
Caveats
  • Supply blocks, unpowered buildings, or Contaminate may cause inaccurate times.
  • Supply counts are checked every 10 seconds.